 Dungeon Crawl Stone Soup version 0.32-a0-886-g41c5271027 (webtiles) character file.

Game seed: 8565974645569308251

196981 dcgrp the Scorcher (level 18, -17/135 (157) HPs)
             Began as a Mountain Dwarf Fire Elementalist on Apr 2, 2024.
             Was an Initiate of Gozag.
             Demolished by a crystal guardian (22 damage)
             ... in the Desolation of Salt.
             The game lasted 02:49:39 (53941 turns).

dcgrp the Scorcher (MDFE)                          Turns: 53941, Time: 02:49:40

HP:   -17/135 (157) AC: 35    Str: 20    XL:     18   Next: 17%
MP:   25/44         EV:  5    Int: 31    God:    Gozag
Gold: 4477          SH: 17    Dex: 10    Spells: 21/43 levels left

rFire   + . .        b - +6 spear "Killer Klown's Peril" {freeze, rElec Int+2}
rCold   + . .        u - +1 kite shield
rNeg    . . .        g - +7 plate armour of Kathenotheism {Rampage}
rPois   +            K - +1 hat
rElec   +            j - +2 cloak
rCorr   +            o - +0 pair of gloves of Liass {MP+9}
SInv    +            h - +5 pair of boots of the Comet {rPois Will+ rCorr}
Will    ++...        B - amulet of Sageishe {Reflect Str+8 SH+5} Stlth
                     v - ring of Free Expression {rC+ SInv}
HPRegen 0.42/turn    H - +6 ring of intelligence
MPRegen 0.29/turn

%: reflection, rampage
@: mighty, brilliant, gold aura, fragile (+50% incoming damage), hasted, heavily
drained, invisible, very quick
A: runic magic, artefact enchanting, horns 1, fire resistance 1, wild magic 1
a: Renounce Religion, Potion Petition, Call Merchant, Bribe Branch


You were in the Desolation of Salt.
You worshipped Gozag.
Gozag was most pleased with you.
You visited 7 branches of the dungeon, and saw 31 of its levels.
You also visited: Trove, Sewer, Bailey, Gauntlet, Ice Cave and Desolation.

You collected 12086 gold pieces.
You spent 909 gold pieces at shops.
You paid 6700 gold pieces to Gozag.

Inventory:

Hand Weapons
 a - the +4 hammer of Ilesisyi {speed, rElec Will- Str+5}
   (You found it on level 3 of the Dungeon)

   Str+5:     It affects your strength (+5).
   rElec:     It insulates you from electricity.
   Will-:     It decreases your willpower.
 b - the +6 spear "Killer Klown's Peril" (weapon) {freeze, rElec Int+2}
   (You found it on level 6 of the Dungeon)

   Int+2:     It affects your intelligence (+2).
   rElec:     It insulates you from electricity.
 c - the +6 shortbow "dcgrp's Death" {antimagic, Str+2 Dex+2 Stlth+}
   (You took it off a wight on level 9 of the Dungeon)

   Str+2:     It affects your strength (+2).
   Dex+2:     It affects your dexterity (+2).
   Stlth+:    It makes you more stealthy.
Missiles
 e - 10 silver javelins (quivered)
 O - 5 curare-tipped darts
Armour
 g - the +7 plate armour of Kathenotheism (worn) {Rampage}
   (You found it on level 11 of the Dungeon)

   Rampage:   It bestows one free step when moving towards enemies.
 h - the +5 pair of boots of the Comet (worn) {rPois Will+ rCorr}
   (You acquired it on level 15 of the Dungeon)

   rPois:     It protects you from poison.
   Will+:     It increases your willpower.
   rCorr:     It protects you from acid and corrosion.
 j - a +2 cloak (worn)
 o - the +0 pair of gloves of Liass (worn) {MP+9}
   (You found it on level 1 of the Spider Nest)

   MP+9:      It affects your magic capacity (+9).
 u - a +1 kite shield (worn)
 K - a +1 hat (worn)
Jewellery
 v - the ring of Free Expression (left hand) {rC+ SInv}
   (You found it in a treasure trove)

   [ring of see invisible]

   rC+:       It protects you from cold.
   SInv:      It lets you see invisible.
 B - the amulet of Sageishe (around neck) {Reflect Str+8 SH+5}
   (You found it in a treasure trove)

   [amulet of reflection]

   Reflect:   It reflects blocked missile attacks.
   Str+8:     It affects your strength (+8).
   SH+5:      It affects your SH (+5).
 H - a +6 ring of intelligence (right hand)
 L - the ring "Jeasimu" {rN+ EV+5 Dex+3 Slay-3 SInv}
   (You found it in a treasure trove)

   [ring of evasion]

   EV+5:      It affects your evasion (+5).
   Dex+3:     It affects your dexterity (+3).
   Slay-3:    It affects your accuracy & damage with ranged weapons and melee
   (-3).
   rN+:       It protects you from negative energy.
   SInv:      It lets you see invisible.
 S - a ring of willpower
Wands
 d - a wand of mindburst (17)
 f - a wand of flame (10)
 x - a wand of warping (12)
 Q - a wand of digging (6)
Scrolls
 i - 2 scrolls of blinking
 p - a scroll of summoning
 r - 6 scrolls of teleportation
 w - 3 scrolls of vulnerability
 z - 10 scrolls of enchant weapon
 E - a scroll of revelation
 F - 6 scrolls of fear
 T - 3 scrolls of torment
 V - 6 scrolls of fog
 W - 3 scrolls of amnesia
 X - a scroll of silence
 Y - 5 scrolls of enchant armour
 Z - 4 scrolls of immolation
Potions
 l - a potion of lignification
 m - 6 potions of ambrosia
 n - 12 potions of attraction
 s - 6 potions of might
 y - 5 potions of heal wounds
 A - 3 potions of berserk rage
 C - 6 potions of brilliance
 G - 4 potions of cancellation
 J - 12 potions of curing
 N - 2 potions of haste
 P - 3 potions of resistance
 U - a potion of enlightenment
Miscellaneous
 I - a lightning rod (1/4)
 M - a condenser vane


   Skills:
 + Level 13.3 Fighting
 + Level 12.3 Armour
 - Level 1.3 Dodging
 - Level 1.4 Stealth
 + Level 12.3 Shields
 + Level 13.1 Spellcasting
 - Level 6.0 Conjurations
 - Level 10.0 Necromancy
 + Level 20.2 Fire Magic
 - Level 10.0 Earth Magic
 - Level 8.0 Evocations


You had 21 spell levels left.
You knew the following spells:

 Your Spells              Type           Power      Damage    Failure   Level
a - Foxfire               Conj/Fire      100%       2x1d9     1%          1
b - Flame Wave            Conj/Fire      100%       2d21      1%          4
c - Borgnjor's Vile Clut  Necr/Erth      51%        N/A       6%          5
d - Ignition              Fire           68%        3d18      19%         8
e - Dispel Undead         Necr           100%       3d31      2%          4

Your spell library contained the following spells:

 Spells                   Type           Power      Damage    Failure   Level
 Sandblast                Erth           100%       2d20      1%          1
 Scorch                   Fire           100%       2d9       1%          2
 Fugue of the Fallen      Necr           100%       N/A       1%          3
 Inner Flame              Hex/Fire       100%       N/A       1%          3
 Stone Arrow              Conj/Erth      100%       3d13      1%          3
 Volatile Blastmotes      Fire/Tloc      100%       2d18      1%          3
 Ignite Poison            Fire/Alch      100%       N/A       2%          4
 Sticky Flame             Fire/Alch      100%       2d15      2%          4
 Cigotuvi's Dreadful Rot  Necr/Alch/Air  100%       N/A       5%          2
 Brom's Barrelling Bould  Conj/Erth      94%        2d10      5%          4
 Momentum Strike          Conj/Tloc      100%       3d10      6%          2
 Curse of Agony           Necr           100%       N/A       6%          5
 Lee's Rapid Deconstruct  Erth           51%        3d24*     6%          5
 Starburst                Conj/Fire      57%        6d15      9%          6
 Dazzling Flash           Conj/Hex       100%       N/A       11%         3
 Animate Armour           Summ/Erth      100%       N/A       14%         4
 Leda's Liquefaction      Alch/Erth      39%        N/A       14%         4
 Martyr's Knell           Necr/Summ      79%        N/A       14%         4
 Mephitic Cloud           Conj/Alch/Air  59%        N/A       16%         3
 Mercury Vapours          Alch/Air       78%        N/A       17%         2
 Iskenderun's Battlesphe  Conj           84%        2d13      26%         5
 Fulminant Prism          Conj/Alch      33%        3d15      30%         4
 Ozocubu's Armour         Ice            39%        N/A       32%         3
 Summon Ice Beast         Ice/Summ       39%        N/A       32%         3
 Bombard                  Conj/Erth      47%        9d8       50%         6
 Olgreb's Toxic Radiance  Alch           39%        N/A       69%         4
 Passage of Golubria      Tloc           39%        N/A       69%         4
 Summon Lightning Spire   Summ/Air       39%        N/A       69%         4
 Freezing Cloud           Conj/Ice/Air   29%        6-21      75%         5
 Permafrost Eruption      Ice/Erth       39%        2x4d9     88%         6
 Silence                  Hex/Air        19%        N/A       95%         5
 Summon Mana Viper        Hex/Summ       39%        N/A       95%         5
 Summon Cactus Giant      Summ           19%        N/A       100%        6
 Malign Gateway           Summ/Tloc      19%        N/A       100%        7
 Manifold Assault         Tloc           19%        N/A       100%        7
 Monstrous Menagerie      Summ           19%        N/A       100%        7
 Ozocubu's Refrigeration  Ice            19%        4d11      100%        7
 Spellforged Servitor     Conj/Summ      33%        N/A       100%        7
 Discord                  Hex            19%        N/A       100%        8
 Lehudib's Crystal Spear  Conj/Erth      47%        10d11     100%        8
 Maxwell's Capacitive Co  Air            19%        ∞         100%        8


Dungeon Overview and Level Annotations

Branches:
Dungeon (15/15)            Temple (1/1) D:7            Lair (5/5) D:11
  Swamp (3/4) Lair:3       Spider (3/4) Lair:3        Slime (0/5) Lair:4
    Orc (2/2) D:10            Elf (2/3) Orc:2        Vaults (0/5) D:13
 Depths (0/4) D:15          Sewer (visited)          Bailey (visited)
  IceCv (visited)         Desolation (1/1)          Gauntlet (visited)

Altars:
Ashenzari
Cheibriados
Dithmenos
Elyvilon
Fedhas
Gozag
Hepliaklqana
Kikubaaqudgha
Makhleb
Nemelex Xobeh
Okawaru
Qazlal
Ru
Sif Muna
Trog
Uskayaw
Vehumet
Wu Jian
Xom
Yredelemnul
Zin
The Shining One

Shops:
D:10 [   Orc:1 [(![   Orc:2 **[?   Elf:1 *

Annotations:
D:10 exclusion: orange crystal statue
Elf:1 exclusion: 3 doors


Innate Abilities, Weirdness & Mutations

Your spellcasting is much less encumbered by armour.
You can use scrolls of enchantment on lesser artefacts.
You have a pair of small horns on your head.
Your flesh is heat resistant. (rF+)
Your spells are a little harder to cast, but a little more powerful.


Message History

You block the saltling's attack.
The crystal guardian fires a shard of itself at you.
The crystallizing shot hits you but does no damage.
Your body becomes as fragile as glass!
You hit the crystal guardian but do no damage.
You headbutt the crystal guardian, but do no damage.
The crystal guardian is severely damaged.
The zombie hands constrict the crystal guardian, but do no damage.
The halazid warlock is no longer distracted by gold.
The saltling hits you but does no damage.
The halazid warlock mumbles some strange words.
The crystal guardian hits you!
You hit the crystal guardian but do no damage.
You headbutt the crystal guardian, but do no damage.
The crystal guardian is severely damaged.
The zombie hands constrict the crystal guardian, but do no damage.
You block the saltling's attack.
You hit the crystal guardian but do no damage.
The crystal guardian is severely damaged.
The zombie hands constrict the crystal guardian.
You block the halazid warlock's attack. The crystal guardian hits you.
You block the saltling's attack.
You hit the crystal guardian but do no damage.
You headbutt the crystal guardian, but do no damage.
The crystal guardian is severely damaged.
The zombie hands constrict the crystal guardian.
You zombie hands return to the earth.
The halazid warlock points at the saltling and mumbles some strange words.
The saltling's animating energy erupts into ghostly fire!
The ghostly flame explodes!
The ghostly fireball engulfs you!!!
You feel drained.
Ouch! That really hurt!
* * * LOW HITPOINT WARNING * * *
The ghostly fireball engulfs the halazid warlock.
The halazid warlock completely resists.
The ghostly fireball engulfs the crystal guardian.
The crystal guardian completely resists.
The crystal guardian hits you!
You die...
Your body crumbles into a pile of gold.

...........§§...
.........§§.§§.. .
.....§..§.§§...
...#§#§§§L§.§§§..
...#.§..§9.§.§§§§
.....§9§§§§§§§...
.....§§§$§L§§§§...
.##........§@9§§§...
...........§§§§§§.§§♣
............§§.§§...♣♣
.........#..§..§...♣..
..........##.......♣ )
.....................
...................#.:
.......∩..............
.....................


You could see a halazid warlock, a crystal guardian and a saltling (summoned,
wandering, unable to see you).

Vanquished Creatures
  Nikola (Spider:2)
  A tentacled monstrosity (Swamp:3)
  Jorgrun (Orc:2)
  Gastronok (D:11)
  The ghost of notthatgreg the Phalangite, an adept DrAr of Beogh (Spider:1)
  A thorn hunter (Swamp:2)
  A fenstrider witch (Swamp:3)
  A frost giant (IceCv)
  An emperor scorpion (Spider:3)
  2 imperial myrmidons (Desolation)
  A deep elf sorcerer (Elf:1)
  A balrug (Gauntlet)
  The ghost of dogverified the Bludgeoner, a journeyman MDFi of Ashenzari (Lair:5)
  2 ghouls (Swamp:2)
  A broodmother (Spider:3)
  A deep elf death mage (Elf:2)
  2 dire elephants (Swamp:1)
  3 eleionomae
  A deep elf demonologist (Elf:1)
  Azrael (D:14)
  A bunyip (Swamp:1)
  A minotaur (Gauntlet)
  2 entropy weavers
  A servant of whispers (Desolation)
  8 hydras
  A rakshasa (D:15)
  3 ogre magi
  10 alligators
  2 peacekeepers (Desolation)
  5 vault guards (D:13)
  6 centaur warriors
  4 ghost crabs
  2 radroaches
  A catoblepas (Lair:4)
  11 dancing weapons
  A boulder beetle (Lair:5)
  8 two-headed ogres
  2 demonic crawlers
  3 orc high priests (Orc:2)
  A tengu warrior (D:14)
  7 deep elf knights
  12 death yaks
  4 skeletal warriors (D:15)
  8 deep elf archers
  4 pharaoh ants
  A skyshark (Lair:5)
  5 goliath frogs
  3 spriggan druids
  A death drake (Swamp:3)
  Lodul (D:13)
  A swamp dragon (Swamp:3)
  A deep troll (D:10)
  4 bog bodies
  A glowing orange brain (D:15)
  3 orb spiders
  A steelbarb worm (Lair:3)
  2 ironbound convokers (Desolation)
  14 deep elf pyromancers
  3 thermic dynamos
  12 deep elf zephyrmancers
  Pikel (D:8)
  A lindwurm (Lair:5)
  6 orc knights
  4 orc sorcerers
  6 wolf spiders
  15 ugly things
  A manticore (D:14)
  A shining eye (shapeshifter) (D:15)
  2 will-o-the-wisps
  An ice statue (IceCv)
  6 cyclopes
  A meliai (shapeshifter) (D:10)
  12 meliai
  2 moths of wrath
  A black mamba (shapeshifter) (D:10)
  2 kobold blastminers
  3 guardian serpents (Desolation)
  2 torpor snails
  3 black mambas
  7 elephants (Lair:5)
  A gargoyle (D:9)
  3 unseen horrors
  17 cane toads
  2 yaktaurs (D:13)
  2 rime drakes
  2 efreet
  14 komodo dragons
  A minotaur zombie (Gauntlet)
  4 kobold demonologists
  A guardian mummy (D:11)
  A tengu conjurer (D:14)
  5 freezing wraiths
  8 trolls
  14 polar bears
  A troll (shapeshifter) (D:10)
  A queen bee (D:14)
  8 tyrant leeches
  15 jumping spiders
  13 tarantellas
  23 blink frogs
  10 hornets
  16 saltlings (Desolation)
  16 culicivoras
  Sigmund (D:3)
  60 yaks
  10 slime creatures
  13 spriggans
  A yak (shapeshifter) (D:14)
  A wraith (D:9)
  10 fire elementals
  4 wyverns
  4 basilisks
  A steam dragon (D:9)
  3 humans (D:13)
  22 vampire mosquitoes
  3 wargs
  40 redbacks
  10 swamp worms
  13 water moccasins
  11 orc warriors
  6 hell hounds
  An ice beast (D:6)
  2 black bears (D:6)
  A sky beast (D:7)
  22 wolves
  14 ogres
  5 centaurs
  A phantom (D:3)
  A lemure (D:8)
  7 kobold brigands
  18 bullfrogs
  2 wyvern zombies (D:10)
  2 earth elementals (Elf:2)
  A gnoll sergeant (D:7)
  3 scorpions (D:6)
  2 wights (D:9)
  17 killer bees
  5 electric eels
  8 howler monkeys
  6 hounds
  6 gnoll boudas
  4 sleepcaps
  Crazy Yiuf (D:3)
  13 orc priests
  2 iguanas
  Ijyb (D:3)
  20 orc wizards
  7 hell rats
  5 adders
  22 gnolls
  3 river rats (Sewer)
  14 white imps
  A dart slug (D:2)
  3 ribbon worms
  62 orcs
  9 endoplasms
  A giant cockroach (D:3)
  8 goblins
  11 hobgoblins
  7 jackals
  19 kobolds
  3 quokkas
  11 ball pythons
  6 bats
  A frilled lizard (D:1)
  7 rats
1019 creatures vanquished.

Vanquished Creatures (collateral kills)
  A deep elf knight (Elf:1)
  2 thermic dynamos (Elf:1)
  A troll (D:8)
  A fire elemental (Elf:1)
  An orc warrior (D:8)
  An orc (D:8)
  43 foxfires
50 creatures vanquished.

Vanquished Creatures (others)
  An alligator (Swamp:3)
  A cyclops (D:14)
  2 bloated husks
  A saltling (Desolation)
  An orc priest (Orc:2)
  2 orc wizards (Orc:2)
  An orc (Orc:2)
  3926 foxfires
3935 creatures vanquished.

Grand Total: 5004 creatures vanquished

Notes
Turn   | Place    | Note
-------+----------+-------------------------------------------
     0 | D:1      | dcgrp the Mountain Dwarf Fire Elementalist began the quest
                  | for the Orb.
     0 | D:1      | Reached XP level 1. HP: 14/14 MP: 3/3
    93 | D:1      | Reached skill level 1 in Fighting
   148 | D:1      | Reached XP level 2. HP: 24/24 MP: 0/4
   501 | D:2      | Reached skill level 1 in Armour
   506 | D:2      | Reached XP level 3. HP: 29/29 MP: 3/6
   599 | D:1      | Reached skill level 4 in Fire Magic
  2076 | D:3      | Reached XP level 4. HP: 36/36 MP: 5/7
  2098 | D:3      | Found a shadowy altar of Dithmenos.
  2194 | D:3      | Noticed Ijyb
  2194 | D:3      | Noticed a phantom
  2342 | D:3      | Noticed Sigmund
  2352 | D:3      | Killed Sigmund
  2353 | D:3      | Reached skill level 6 in Fire Magic
  2353 | D:3      | Reached XP level 5. HP: 36/44 MP: 2/9
  2353 | D:3      | Reached XP level 6. HP: 41/50 MP: 2/10
  2466 | D:3      | Killed Ijyb
  2611 | D:3      | Found a runed translucent door.
  2612 | D:3      | Noticed Crazy Yiuf
  2781 | D:3      | Found an ornate altar of the Wu Jian Council.
  3323 | D:4      | Found a sacrificial altar of Ru.
  3496 | D:4      | Found a white marble altar of Elyvilon.
  3697 | D:4      | Found a glowing silver altar of Zin.
  3760 | D:4      | Found an opulent altar of Gozag.
  3768 | D:4      | Became a worshipper of Gozag Ym Sagoz the Greedy
  3955 | D:4      | Found a shimmering blue altar of Sif Muna.
  4015 | D:5      | Entered Level 5 of the Dungeon
  4161 | D:3      | Killed Crazy Yiuf
  4162 | D:3      | Reached skill level 1 in Shields
  4172 | D:3      | Identified the +4 hammer of Ilesisyi {speed, rElec Will-
                  | Str+5}
  4306 | D:4      | Learned a level 4 spell: Flame Wave
  4444 | D:5      | Reached skill level 1 in Conjurations
  4444 | D:5      | Reached XP level 7. HP: 60/60 MP: 3/11
  4512 | D:5      | Found a hazy altar of Hepliaklqana.
  4735 | D:5      | Reached skill level 5 in Fighting
  4905 | D:5      | Found a bloodstained altar of Trog.
  5371 | D:6      | Reached XP level 8. HP: 63/68 MP: 6/12
  5414 | D:6      | Reached skill level 5 in Shields
  5417 | D:6      | Found a shimmering altar of Xom.
  5437 | D:6      | Identified the +6 spear "Killer Klown's Peril" {freeze,
                  | rElec Int+2}
  5591 | D:6      | Found a glowing drain.
  5600 | Sewer    | Entered a sewer
  6941 | D:7      | Found a hide-covered altar of Uskayaw.
  7043 | D:7      | Reached skill level 7 in Fire Magic
  7230 | D:7      | Reached XP level 9. HP: 74/74 MP: 6/14
  7350 | D:7      | Found a staircase to the Ecumenical Temple.
  7356 | Temple   | Entered the Ecumenical Temple
  7755 | D:8      | Noticed a troll
  7767 | D:8      | Killed a troll
  7768 | D:8      | Reached skill level 5 in Armour
  7768 | D:8      | Reached skill level 8 in Fire Magic
  7768 | D:8      | Reached skill level 1 in Evocations
  8222 | D:8      | Noticed Pikel
  8237 | D:8      | Killed Pikel
  8811 | D:8      | Found a broken altar of Ashenzari.
  8960 | D:9      | Found a flagged portal.
  8985 | Bailey   | Entered a bailey
  9326 | Bailey   | Noticed an orc knight
  9339 | Bailey   | Killed an orc knight
  9920 | D:9      | Noticed a troll
  9929 | D:9      | Killed a troll
  9930 | D:9      | Reached XP level 10. HP: 65/88 MP: 9/16
 10996 | D:9      | Identified the +6 shortbow "dcgrp's Death" {antimagic,
                  | Str+2 Dex+2 Stlth+}
 11135 | D:9      | Noticed a gargoyle
 11160 | D:9      | Killed a gargoyle
 11848 | D:10     | Entered Level 10 of the Dungeon
 11867 | D:9      | Reached skill level 5 in Conjurations
 12048 | D:9      | Reached skill level 5 in Spellcasting
 12048 | D:9      | Reached skill level 9 in Fire Magic
 12132 | D:10     | Noticed a two-headed ogre
 12531 | D:10     | Reached skill level 10 in Fire Magic
 12831 | D:10     | Noticed a two-headed ogre
 12839 | D:10     | Killed a two-headed ogre
 12840 | D:10     | Reached XP level 11. HP: 37/94 MP: 18/20
 13112 | D:10     | Found a stormy altar of Qazlal.
 13115 | D:10     | Found Juchiut's Armour Shoppe.
 13115 | D:10     | Noticed an orc knight
 13176 | D:10     | Killed an orc knight
 13410 | D:10     | Found a staircase to the Orcish Mines.
 13520 | D:10     | Noticed a two-headed ogre
 13747 | D:10     | Noticed a two-headed ogre
 13755 | D:10     | Killed a two-headed ogre
 13801 | D:10     | Killed a two-headed ogre
 13802 | D:10     | Reached skill level 11 in Fire Magic
 13917 | D:10     | Noticed a red ugly thing
 13944 | D:10     | Noticed an orange crystal statue
 14287 | D:10     | Killed a two-headed ogre
 14457 | D:10     | Noticed a white ugly thing
 14506 | D:9      | Killed a green ugly thing
 14507 | D:9      | Reached skill level 12 in Fire Magic
 14716 | D:10     | Noticed a brown ugly thing
 14737 | D:9      | Killed a green ugly thing
 15229 | D:10     | a wyvern changed into an entropy weaver
 15229 | D:10     | Noticed an entropy weaver (shapeshifter)
 15230 | D:10     | an entropy weaver changed into a troll
 15725 | D:10     | Identified the +0 swamp dragon scales "Paeddid" {rPois
                  | Str+3}
 15777 | D:10     | Noticed a red ugly thing
 15921 | D:10     | Noticed a brown ugly thing
 16217 | D:10     | Noticed a deep troll
 16237 | D:10     | Killed a deep troll
 16399 | D:10     | Killed a brown ugly thing
 16400 | D:10     | Reached skill level 10 in Fighting
 17345 | D:11     | Found a staircase to the Lair.
 17375 | D:11     | Identified the +7 plate armour of Kathenotheism {Rampage}
 17549 | D:11     | Noticed Gastronok
 17601 | D:11     | Killed Gastronok
 17602 | D:11     | Reached XP level 12. HP: 61/106 MP: 22/22
 17890 | D:11     | Found a portal to a secret trove of treasure.
 18537 | Lair:1   | Entered Level 1 of the Lair of Beasts
 19168 | Lair:1   | Reached skill level 10 in Shields
 19309 | Lair:1   | You fall into a shaft and drop 1 floor!
 21486 | Lair:2   | Noticed a six-headed hydra
 21494 | Lair:2   | Killed a six-headed hydra
 22406 | Lair:3   | Found a hole to the Spider Nest.
 22952 | Lair:3   | Reached XP level 13. HP: 113/113 MP: 16/24
 23192 | Lair:3   | Reached skill level 13 in Fire Magic
 23416 | Lair:3   | Found a staircase to the Swamp.
 23844 | Lair:4   | Found a staircase to the Slime Pits.
 23881 | Lair:4   | Found a frozen archway.
 23905 | IceCv    | Entered an ice cave
 24812 | IceCv    | Reached skill level 10 in Armour
 25556 | IceCv    | Noticed a frost giant
 25591 | IceCv    | Killed a frost giant
 25592 | IceCv    | Reached skill level 14 in Fire Magic
 26453 | Lair:4   | Identified the +1 ring mail "Vicamufa" {^Contam +Blink
                  | rF+++ SInv}
 27229 | Lair:5   | Entered Level 5 of the Lair of Beasts
 27305 | Lair:5   | Reached XP level 14. HP: 68/121 MP: 13/27
 27329 | Lair:5   | Reached skill level 15 in Fire Magic
 27355 | Lair:5   | Reached skill level 10 in Spellcasting
 27391 | Lair:5   | Found a gate leading to a gauntlet.
 27404 | Gauntlet | Entered a Gauntlet
 27404 | Gauntlet | Found a large runed translucent door.
 27404 | Gauntlet | Found a large runed translucent door.
 27404 | Gauntlet | Found a large runed translucent door.
 27404 | Gauntlet | Found a large runed translucent door.
 27404 | Gauntlet | Found a large runed translucent door.
 27404 | Gauntlet | Found a large runed translucent door.
 27404 | Gauntlet | Found a large runed translucent door.
 27404 | Gauntlet | Found a large runed translucent door.
 27404 | Gauntlet | Found a runed translucent door.
 27404 | Gauntlet | Found a runed translucent gate.
 27404 | Gauntlet | Found a transporter.
 27404 | Gauntlet | Found a transporter.
 27404 | Gauntlet | Found a runed translucent gate.
 27404 | Gauntlet | Found a transporter.
 27484 | Gauntlet | Found a transporter.
 27485 | Gauntlet | Found a transporter.
 27490 | Gauntlet | Noticed a balrug
 27495 | Gauntlet | Found a transporter.
 27555 | Gauntlet | Found a runed translucent door.
 27556 | Gauntlet | Found a large runed translucent door.
 27556 | Gauntlet | Found a large runed translucent door.
 27556 | Gauntlet | Found a large runed translucent door.
 27556 | Gauntlet | Found a large runed translucent door.
 27557 | Gauntlet | Found a large runed translucent door.
 27557 | Gauntlet | Found a large runed translucent door.
 27558 | Gauntlet | Found a large runed translucent door.
 27558 | Gauntlet | Found a large runed translucent door.
 27562 | Gauntlet | Found a transporter.
 27574 | Gauntlet | Found a transporter.
 27588 | Gauntlet | Found a transporter.
 27600 | Gauntlet | Found a transporter.
 27613 | Gauntlet | Found a transporter.
 27619 | Gauntlet | Found a transporter.
 27642 | Gauntlet | Found a runed translucent gate.
 27872 | Gauntlet | Identified the amulet "Xasikkya" {Acrobat Dex+4}
 27897 | Gauntlet | Killed a balrug
 28151 | Gauntlet | Reached skill level 16 in Fire Magic
 28163 | Gauntlet | Got Sif Muna's Incunable of Green Nonlocality
 29048 | Lair:5   | Reached skill level 17 in Fire Magic
 29314 | Lair:5   | Found a transporter.
 29319 | Lair:5   | Found a bloodstained altar of Trog.
 29327 | Lair:5   | Noticed dogverified's ghost (journeyman MDFi)
 29467 | Lair:5   | Found a transporter.
 29785 | Lair:5   | Got Ponter's Guidebook on Hoarfrost and the Lithosphere
 29790 | Lair:5   | Identified the +4 swamp dragon scales of Zysolouf {*Corrode
                  | rPois rF- Will+ Int+8}
 29798 | Lair:5   | Learned a level 5 spell: Borgnjor's Vile Clutch
 30107 | Orc:1    | Entered Level 1 of the Orcish Mines
 30107 | Orc:1    | Found Tuasiv's Weapon Boutique.
 30117 | Orc:1    | Found Zuico's Distillery.
 30339 | Orc:1    | Bought a potion of lignification for 45 gold pieces
 30339 | Orc:1    | Bought a potion of enlightenment for 75 gold pieces
 30481 | Orc:1    | Found Fuxkugoi's Armour Shoppe.
 30552 | Orc:1    | Found a transporter.
 30552 | Orc:1    | Found Isarer's Antique Armour Boutique.
 30623 | Orc:2    | Entered Level 2 of the Orcish Mines
 30655 | Orc:2    | Noticed Jorgrun
 30656 | Orc:2    | Reached skill level 1 in Necromancy
 30718 | Orc:2    | Reached skill level 1 in Earth Magic
 30882 | Orc:1    | Found a transporter.
 30889 | Orc:1    | Bought a jewelled buckler for 285 gold pieces
 30889 | Orc:1    | Identified the +0 buckler of the Stone Wall {Int+3} (You
                  | bought it in a shop on level 1 of the Orcish Mines)
 31355 | Orc:2    | Found a staircase to the Elven Halls.
 31536 | Orc:2    | Killed Jorgrun
 32645 | Orc:2    | Reached XP level 15. HP: 116/126 MP: 25/29
 33086 | Orc:2    | Found Sevum's Magic Scroll Emporium.
 33086 | Orc:2    | Found Omunij's Assorted Antiques.
 33088 | Orc:2    | Found Jiddan's Armour Emporium.
 33088 | Orc:2    | Found Gaetaoch's General Store.
 33094 | Orc:2    | Bought a scroll of immolation for 56 gold pieces
 33094 | Orc:2    | Bought a scroll of vulnerability for 56 gold pieces
 33097 | Orc:2    | Bought a scroll of teleportation for 45 gold pieces
 33099 | Orc:2    | Bought a scroll of revelation for 225 gold pieces
 33099 | Orc:2    | Bought a ruby potion for 27 gold pieces
 33565 | D:12     | Identified the +1 leather armour of Giath {+Inv rElec
                  | Int-2}
 33853 | D:12     | Reached skill level 18 in Fire Magic
 34378 | D:13     | Noticed Lodul
 34395 | D:13     | Killed Lodul
 34717 | D:13     | Reached skill level 5 in Necromancy
 34717 | D:13     | Reached skill level 5 in Earth Magic
 36796 | D:13     | Paralysed by an orc sorcerer for 3 turns
 36938 | D:13     | Found a gate to the Vaults.
 37729 | D:14     | Learned a level 8 spell: Ignition
 37974 | D:14     | Noticed Azrael
 38856 | D:14     | Killed Azrael
 39582 | D:15     | Entered Level 15 of the Dungeon
 39902 | D:15     | Identified 2 scrolls of acquirement
 39903 | D:15     | Acquired 572 gold pieces
 39905 | D:15     | Acquired the +5 pair of boots of the Comet {rPois Will+
                  | rCorr}
 40794 | D:15     | Reached XP level 16. HP: 133/134 MP: 16/31
 40890 | D:15     | Gained mutation: You are frail. (-10% HP) [a shining eye]
 41167 | D:15     | Found a staircase to the Depths.
 41269 | D:15     | Lost mutation: You are frail. (-10% HP) [potion of
                  | mutation]
 41269 | D:15     | Gained mutation: Your flesh is heat resistant. (rF+)
                  | [potion of mutation]
 41269 | D:15     | Gained mutation: You have a pair of small horns on your
                  | head. [potion of mutation]
 41475 | Elf:1    | Entered Level 1 of the Elven Halls
 42263 | Elf:1    | Found Ystren's General Store.
 42270 | Elf:1    | Bought a scroll of identify for 20 gold pieces
 42270 | Elf:1    | Bought a scroll of enchant armour for 75 gold pieces
 43813 | Spider:1 | Entered Level 1 of the Spider Nest
 44397 | Spider:1 | Identified the +5 falchion of Courage {venom, rPois rF+}
 44580 | D:11     | You paid a toll of 4 scrolls of blinking to enter a
                  | treasure trove
 44581 | Trove    | Entered a treasure trove
 44583 | Trove    | Found the brooch of Shielding {Spirit SH+8}
 44583 | Trove    | Found the dreamshard necklace {Acrobat *Dream}
 44585 | Trove    | Identified the amulet "Xafuklus" {Acrobat rPois rF+ rC+}
 44593 | Trove    | Identified the amulet "Pege" {Reflect ^Contam rN+ Dex+2
                  | SH+5 SInv}
 44595 | Trove    | Identified the ring of Free Expression {rC+ SInv}
 44597 | Trove    | Identified the amulet "Soaminko" {Reflect rPois Str+3 SH+5}
 44601 | Trove    | Identified the ring of the Lonely Stars {*Corrode rElec
                  | AC+4 Int+6}
 44603 | Trove    | Identified the amulet "Mihomaug" {Reflect rC+++ rCorr
                  | Slay-5 SH+5}
 44605 | Trove    | Identified the amulet "Ynaomn" {Acrobat ^Contam Harm ^Drain
                  | Regen+}
 44607 | Trove    | Identified the ring "Jeasimu" {rN+ EV+5 Dex+3 Slay-3 SInv}
 44609 | Trove    | Identified the amulet of the Lachrymose Lime {rN+ RegenMP+}
 44611 | Trove    | Identified the amulet of Sageishe {Reflect Str+8 SH+5}
 45050 | Spider:1 | Found a runed translucent gate.
 45050 | Spider:1 | Found a runed translucent gate.
 45051 | Spider:1 | Found a runed translucent gate.
 45051 | Spider:1 | Noticed notthatgreg's ghost (adept DrAr)
 45226 | Spider:1 | Learned a level 4 spell: Dispel Undead
 45259 | Spider:1 | Killed notthatgreg's ghost
 45539 | Spider:1 | Identified the +0 pair of gloves of Liass {MP+9}
 45709 | Swamp:1  | Entered Level 1 of the Swamp
 46113 | Swamp:1  | Reached skill level 10 in Earth Magic
 46191 | Swamp:1  | Reached skill level 10 in Necromancy
 47361 | Swamp:1  | Reached XP level 17. HP: 144/144 MP: 33/33
 47708 | Swamp:2  | Reached skill level 19 in Fire Magic
 49000 | Swamp:3  | Noticed a tentacled monstrosity
 49021 | Swamp:3  | Killed a tentacled monstrosity
 49312 | Swamp:3  | Identified the +2 robe of the Watchman {Int+4}
 49758 | Lair:5   | Killed dogverified's ghost
 50550 | Spider:2 | Noticed Nikola
 50576 | Spider:2 | Killed Nikola
 50981 | Spider:2 | Reached skill level 20 in Fire Magic
 51189 | Spider:2 | Gained mutation: Your spells are a little harder to cast,
                  | but a little more powerful. [mutagenic glow]
 51909 | Spider:3 | Reached skill level 5 in Evocations
 52611 | Spider:3 | Identified the amulet of Xom's Vengeance {Faith Str+8}
 53727 | Elf:2    | Reached XP level 18. HP: 153/153 MP: 9/35
 53771 | Elf:2    | Found a crumbling gateway.
 53785 | Desolati | Entered the Desolation of Salt
 53941 | Desolati | HP: 5/135 [halazid warlock/ghostly fireball (100)]
 53941 | Desolati | Demolished by a crystal guardian

Illustrated notes

Levels and vault maps discovered:
D:1:      eino_arrival_cavern_d, layout_loops_ring
D:2:      layout_loops_ring, nicolae_wormholes
D:3:      layout_basic, nzn_wu_jian_council_hall,
          mainiacjoe_overflow_cross_hatched, minmay_misc_feat_iff, uniq_sigmund,
          uniq_ijyb, uniq_crazy_yiuf_cottage
D:4:      layout_loops_corners, pdpol_temple_overflow_zin_treasury_gozag_greed,
          lemuel_doored_altar, mainiacjoe_overflow_alcove_2,
          overflow_temple_1_default
D:5:      layout_cave_pools, mainiacjoe_overflow_chevrons,
          nicolae_overflow_hidden_temple, eino_curves_04
D:6:      layout_rooms, mainiacjoe_overflow_tiny_flanked, portal_sewer_entry_d,
          kennysheep_generic_room_15
D:7:      layout_cave_pools, nicolae_overflow_crystal_walls,
          minmay_temple_entry_arrows, nicolae_grassy_gnolls
D:8:      layout_loops_cross, mainiacjoe_overflow_alcove_1, uniq_pikel
D:9:      minmay_slanted_spiral_squares, layout_basic, enter_bailey_2
D:10:     regret_index_malice_mire, layout_basic,
          nicolae_qazlal_scattered_showers, orc_david_3, nrook_pool_corridor,
          minmay_protected_statue
D:11:     layout_basic, lair_entry_dummy, nicolae_trove_entry_path_of_doom,
          chequers_serial_rivers_small_3, uniq_gastronok
D:12:     layout_rooms
D:13:     layout_basic, grunt_vaults_entry_fortified, uniq_lodul
D:14:     layout_cave_pods, special_room [special_room_bee], uniq_azrael
D:15:     gammafunk_enter_depths_forms, layout_basic, hangedman_decor_riveting,
          ebering_dispersal_statue_hall
Temple:   jpeg_temple_island
Lair:1:   layout_chaotic_city, grunt_megastairs_1
Lair:2:   layout_long_grid, serial_bayou_shore_a
Lair:3:   layout_cave_pods, mainiacjoe_swamp_entry_lozenge_pond,
          spider_nest_entry_web_field, st_stairs_9, lemuel_fruit_tree
Lair:4:   layout_regular_city, slime_entry_1, portal_ice_cave_entry_imps,
          serial_bayou_shore_b
Lair:5:   minmay_lair_end_frog_pond, layout_misc_corridors,
          gammafunk_ghost_wrathful_warriors, gauntlet_entry_generic
Swamp:1:  layout_basic_swamp, serial_swamp_ruin, evilmike_swamp_ruin_house_5,
          evilmike_swamp_ruin_house_6, beargit_elvish_explorers,
          nicolae_swamp_long_stream
Swamp:2:  layout_falls_marsh, evilmike_swamp_ruin_house_2
Swamp:3:  layout_basic_swamp, hangedman_swamp_pad, infiniplex_staircase_pool
Spider:1: layout_cave_pods, gammafunk_ghost_tricky_traps
Spider:2: layout_spider_delve, special_room, hangedman_spider_tarantella_strand,
          uniq_nikola
Spider:3: layout_spider_delve
Orc:1:    layout_caves, serial_shops, shop, nicolae_shop_mannequins, shop,
          nicolae_shop_drivethru
Orc:2:    grunt_orc_tribal_feast, layout_caves, uniq_jorgrun
Elf:1:    nicolae_elf_arrival_fired_up, layout_geoelf_octagon,
          regret_index_elf_centigrade, minmay_shop_star
Elf:2:    elven_hall_of_blades_hangedman_original [mumra_blade_entry_dagger],
          layout_geoelf_grid,
          portal_desolation_entry_nicolae_menacing_earthworks
Desolation

Skill      XL: |  1  2  3  4  5  6  7  8  9 10 11 12 13 14 15 16 17 |
---------------+----------------------------------------------------+-----
Fighting       | 1 2 4 5 8 10 11 13 | 13.3
Spellcasting   | 2 3 4 6 7 9 10 11 12 13 | 13.1
Armour         | 1 2 3 4 5 6 7 9 11 12 | 12.3
Fire Magic     | 4 6 7 8 10 12 14 17 18 20 | 20.2
Shields        | 1 4 6 8 11 12 | 12.3
Conjurations   | 1 3 4 5 6 |  6.0
Evocations     | 3 8 |  8.0
Necromancy     | 3 8 10 | 10.0
Earth Magic    | 3 8 10 | 10.0
Dodging        | |  1.3
Stealth        | |  1.4

Action                     |  1- 3 |  4- 6 |  7- 9 | 10-12 | 13-15 | 16-18 || total
---------------------------+-------+-------+-------+-------+-------+-------++-------
  Melee: Mace              |    60 |    27 |   166 |   251 |   198 |       ||   702
         War axe           |       |    59 |       |       |       |       ||    59
         Spear             |       |       |       |       |   345 |   391 ||   736
         Headbutt          |       |       |       |       |       |   116 ||   116
   Fire: Shortbow          |       |       |       |     7 |       |       ||     7
  Throw: Javelin           |       |     3 |       |     2 |       |     4 ||     9
   Cast: Foxfire           |    58 |    47 |   288 |   802 |   967 |    74 ||  2236
         Flame Wave        |       |       |       |     3 |   121 |   127 ||   251
         Borgnjor's Vile C |       |       |       |       |       |   115 ||   115
         Dispel Undead     |       |       |       |       |       |     9 ||     9
 Invoke: Potion Petition   |       |       |       |       |     6 |    13 ||    19
  Evoke: Wand              |       |       |     3 |    23 |     8 |     5 ||    39
         Lightning rod     |       |       |       |       |    12 |    10 ||    22
         Condenser vane    |       |       |       |       |     1 |       ||     1
    Use: Potion            |       |     4 |       |     2 |     4 |     9 ||    19
         Scroll            |       |     4 |     7 |     9 |    16 |     5 ||    41
   Stab: Sleeping          |       |     1 |       |       |       |       ||     1
         Distracted        |       |       |       |       |     1 |     1 ||     2
         Invisible         |       |       |       |       |     3 |       ||     3
 Armour: Robe              |     5 |       |       |       |       |       ||     5
         Ring mail         |    78 |   119 |   172 |   246 |       |       ||   615
         Swamp dragon scal |       |       |       |    55 |       |       ||    55
         Plate armour      |       |       |       |   281 |  1272 |  1055 ||  2608
         Skin              |       |       |       |       |       |    28 ||    28
  Dodge: Dodged            |    49 |    31 |   108 |   187 |   353 |   158 ||   886
  Block: Kite shield       |       |    38 |   122 |   361 |   895 |   804 ||  2220
         Reflection        |       |       |       |       |       |    20 ||    20

Table legend: (Time is in decaauts)
 A = Elapsed time spent in this place.
 B = Non-inter-level travel time spent in this place.
 C = Inter-level travel time spent in this place.
 D = Time resting spent in this place.
 E = Time spent auto-exploring this place.
 F = Levels seen in this place.
 G = Mean time per level.
                   A        B        C        D        E       F      G
               +--------+--------+--------+--------+--------+-----+--------+
         Total |  54601 |  50916 |   3685 |      0 |  39487 |  37 | 1475.7 |
       Dungeon |  26524 |  24583 |   1941 |      0 |  19047 |  15 | 1768.3 |
        Temple |      1 |      1 |      0 |      0 |      0 |   1 |    1.0 |
          Lair |   9939 |   9061 |    878 |      0 |   7234 |   5 | 1987.8 |
         Swamp |   4132 |   3942 |    190 |      0 |   3175 |   3 | 1377.3 |
   Spider Nest |   3922 |   3682 |    240 |      0 |   3082 |   3 | 1307.3 |
  Orcish Mines |   3499 |   3231 |    268 |      0 |   2474 |   2 | 1749.5 |
   Elven Halls |   2420 |   2253 |    167 |      0 |   1631 |   2 | 1210.0 |
         Trove |     39 |     39 |      0 |      0 |      0 |   1 |   39.0 |
         Sewer |    267 |    267 |      0 |      0 |    211 |   1 |  267.0 |
        Bailey |    662 |    662 |      0 |      0 |    284 |   1 |  662.0 |
      Ice Cave |   2038 |   2038 |      0 |      0 |   1436 |   1 | 2038.0 |
    Desolation |    154 |    154 |      0 |      0 |    110 |   1 |  154.0 |
      Gauntlet |   1000 |   1000 |      0 |      0 |    800 |   1 | 1000.0 |
               +--------+--------+--------+--------+--------+-----+--------+

Top non-repeatable levels by time:
     D:9: 3862 daAuts
    D:10: 3655 daAuts
    D:13: 3214 daAuts
  Lair:3: 2645 daAuts
   Orc:2: 2441 daAuts
   Elf:1: 2269 daAuts
    D:11: 2248 daAuts
Spider:2: 2172 daAuts
  Lair:5: 2058 daAuts
   IceCv: 2038 daAuts
  Lair:2: 1914 daAuts
  Lair:1: 1909 daAuts
    D:14: 1860 daAuts
 Swamp:1: 1741 daAuts
 Swamp:2: 1654 daAuts
